 Dungeon Crawl Stone Soup version 0.32-a0-576-g706899e69d (webtiles) character file.

Game seed: 5403022421662240691

196901 backslashecho the Severer (level 18, -1/149 HPs)
             Began as a Coglin Berserker on Mar 2, 2024.
             Was a High Priest of Trog.
             Killed from afar by a merfolk aquamancer (20 damage)
             ... with a torrent of water
             ... on level 3 of the Shoals.
             The game lasted 01:30:59 (37846 turns).

backslashecho the Severer (Coglin Berserker)       Turns: 37846, Time: 01:30:59

Health: -1/149     AC: 35    Str: 23    XL:     18   Next: 39%
Magic:  18/18      EV: 16    Int:  9    God:    Trog [*****.]
Gold:   1555       SH:  0    Dex: 14    Spells: 17/17 levels left

rFire   . . .        a - +5 broad axe (heavy) {Bernhard}
rCold   + . .        b - +8 arc blade {discharge, rElec}
rNeg    . . .        S - +6 chain mail of Locwoab {Will++}
rPois   +            e - +1 helmet
rElec   +            m - +1 cloak of Starlight {*Dazzle EV+4 Stlth--}
rCorr   +            R - +1 pair of gloves
SInv    .            X - +3 pair of mountain boots {steadfast, rC+}
Will    +++..        (amulet unavailable) Stlth
                     (ring unavailable)
HPRegen 0.44/turn    (ring unavailable)
MPRegen 0.16/turn    k - dynamic encabulator {RevParry, rElec rPois rCorr}

%: no passive effects
@: lethally poisoned (-1 -> -5), engulfed (cannot breathe), revved, very slow
A: off-hand wielding, slow wielding, warmup strikes, no jewellery
}: 1/15 runes: gossamer
a: Renounce Religion, Berserk, Trog's Hand, Brothers in Arms


You were on level 3 of the Shoals.
You worshipped Trog.
Trog was extremely pleased with you.
You visited 5 branches of the dungeon, and saw 29 of its levels.
You also visited: Ossuary, Bailey, Gauntlet and Ice Cave.

You collected 3619 gold pieces.
You spent 2064 gold pieces at shops.

Inventory:

Hand Weapons
 a - a +5 heavy broad axe (weapon) {Bernhard}
 b - the +8 arc blade (offhand) {discharge, rElec}
   (You found it in a Gauntlet)

   rElec:     It insulates you from electricity.
 c - the +4 falchion of Zing {drain, rC+}
   (You took it off a minotaur in a Gauntlet)

   rC+:       It protects you from cold.
 h - a +2 hand axe of flaming
 H - a +0 heavy war axe {Titus}
Missiles
 I - 38 poisoned darts (quivered)
 J - 6 curare-tipped darts
 O - 4 throwing nets
Armour
 e - a +1 helmet (worn)
 m - the +1 cloak of Starlight (worn) {*Dazzle EV+4 Stlth--}
   (You bought it in a shop on level 2 of the Orcish Mines)

   *Dazzle:   It may blind those who miss an attack against the wearer in melee
   combat.
   EV+4:      It affects your evasion (+4).
   Stlth--:   It makes you much less stealthy.
 r - a +1 plate armour of positive energy
 u - a +2 chain mail of cold resistance
 R - a +1 pair of gloves (worn)
 S - the +6 chain mail of Locwoab (worn) {Will++}
   (You bought it in a shop on level 2 of the Orcish Mines)

   Will++:    It greatly increases your willpower.
 X - the +3 pair of mountain boots (worn) {steadfast, rC+}
   (You found it on level 1 of the Shoals)

   Steadfast: It prevents involuntary movement, except for blinking,
   teleportation, or banishment.
   rC+:       It protects you from cold.
Gizmo
 k - a dynamic encabulator (installed) {RevParry, rElec rPois rCorr}
   (You invented it yourself on level 2 of the Lair of Beasts)

   [dynamic encabulator]

   RevParry:  Your AC increases as you Rev (up to +5) and while fully Revved,
   your attacks may disarm enemies.
   rElec:     It insulates you from electricity.
   rPois:     It protects you from poison.
   rCorr:     It protects you from acid and corrosion.
Wands
 q - a wand of warping (43)
 D - a wand of flame (27)
 F - a wand of polymorph (16)
 L - a wand of mindburst (22)
 P - a wand of paralysis (22)
Scrolls
 i - 5 scrolls of enchant armour
 j - 11 scrolls of teleportation
 o - a scroll of poison
 p - 2 scrolls of butterflies
 t - a scroll of blinking
 x - 5 scrolls of noise
 y - 4 scrolls of enchant weapon
 z - 5 scrolls of fear
 A - 2 scrolls of silence
 B - 2 scrolls of torment
 Q - 4 scrolls of vulnerability
 T - 3 scrolls of fog
 V - a scroll of immolation
Potions
 f - 7 potions of cancellation
 g - 8 potions of lignification
 l - 9 potions of curing
 n - 7 potions of haste
 s - 2 potions of heal wounds
 v - 2 potions of magic
 w - 4 potions of ambrosia
 C - 4 potions of mutation
 E - 5 potions of enlightenment
 G - a potion of resistance
 M - a potion of attraction
 U - a potion of might
 W - a potion of invisibility
 Z - a potion of berserk rage
Miscellaneous
 d - a tin of tremorstones (2/2)
 K - a phantom mirror
 Y - a phial of floods


   Skills:
 + Level 15.2 Fighting
 - Level 14.0 Short Blades
 - Level 18.0 Axes
 + Level 12.2 Armour
 - Level 9.0 Dodging
 + Level 12.5 Evocations


You had 17 spell levels left.
You didn't know any spells.
Your spell library was empty.

Dungeon Overview and Level Annotations

Branches:
Dungeon (15/15)            Temple (0/1) D:4            Lair (5/5) D:10
 Shoals (3/4) Lair:3       Spider (4/4) Lair:2        Slime (0/5) Lair:5
    Orc (2/2) D:10            Elf (0/3) Orc:2        Vaults (0/5) D:13
 Depths (0/4) D:15        Ossuary (visited)          Bailey (visited)
  IceCv (visited)         Gauntlet (visited)

Altars:
Cheibriados
Dithmenos
Elyvilon
Fedhas
Gozag
Hepliaklqana
Kikubaaqudgha
Makhleb
Ru
Sif Muna
Vehumet
Xom
Yredelemnul
Zin
Beogh
Jiyva

Shops:
D:3 *   Orc:2 (*:([*?*[

Portals:
Trove: D:10 (give 2 scrolls of acquirement)

Annotations:
D:3 1 runed translucent door, TheLasagnaBaron's ghost, amateur KoBr
D:4 4 runed translucent doors, exclusions: door and steam dragon
Lair:5 exclusion: door


Innate Abilities, Weirdness & Mutations

You can wield a second weapon in your off-hand.
It takes a long time for you to wield or remove held weapons.
Your first few attacks do less damage.
You cannot equip rings or amulets.


Message History

You are too injured to fight recklessly!
You barely miss the water elemental with your +5 heavy broad axe.
The water elemental is lightly damaged.
Your unstable footing causes you to fumble your attack.
You feel very sick.
The merfolk aquamancer points at you and mumbles some strange words.
The torrent of water passes through the water elemental.
The torrent of water misses you.
The wave splashes down.
The merfolk hits you but does no damage.
A water nymph comes into view.
The water elemental hits you.
The water elemental engulfs you in water!
The merfolk closely misses you.
You hear an angry hiss.
You take 7 damage, and have 52/149 hp.
You closely miss the water elemental with your +5 heavy broad axe.
The water elemental is lightly damaged.
You puncture the water elemental with the +8 arc blade!
The arc blade crackles.
The water elemental is struck by an arc of lightning.
The water elemental resists.
The water elemental is heavily damaged.
You are struck by an arc of lightning.
The water elemental is struck by an arc of lightning.
The water elemental resists.
The water elemental is heavily damaged.
The merfolk is struck by an arc of lightning!
The merfolk is lightly wounded.
The water elemental is struck by an arc of lightning!
The water elemental resists.
The water elemental is heavily damaged.
The lightning grounds out.
Your lungs strain for air!
You feel sick.
The merfolk aquamancer gestures wildly while chanting.
The merfolk aquamancer blinks!
The merfolk barely misses you.
The water nymph points at you and mumbles some strange words.
The water swirls and strikes you. The water elemental closely misses you.
You take 6 damage, and have 46/149 hp.
You hit the water elemental with the +8 arc blade.
The water elemental is severely damaged.
Your unstable footing causes you to fumble your attack.
* * * LOW HITPOINT WARNING * * *
Your lungs strain for air!
You feel sick. The merfolk misses you.
The merfolk hits you from afar with a +0 trident!
* * * LOW HITPOINT WARNING * * *
You take 21 damage, and have 25/149 hp.
The water engulfing you falls away.
You gasp with relief as air once again reaches your lungs.
You feel very sick.
A water elemental comes into view.
The water elemental hits you. The merfolk barely misses you.
The merfolk completely misses you.
You take 3 damage, and have 22/149 hp.
You feel sick. The water elemental closely misses you.
The merfolk hits you from afar with a +1 trident of venom.
* * * LOW HITPOINT WARNING * * *
The merfolk hits you but does no damage.
A merfolk aquamancer comes into view. It is wielding a +4 rapier of draining.
You take 4 damage, and have 18/149 hp.
You barely miss the water elemental with the +8 arc blade.
The water elemental is severely damaged.
You slash the water elemental with your +5 heavy broad axe!
You feel sick.
A water elemental comes into view.
The water elemental hits you.
The merfolk aquamancer casts a spell.
The merfolk aquamancer blinks!
The merfolk hits you from afar with a +0 trident.
* * * LOW HITPOINT WARNING * * *
The merfolk barely misses you.
You take 4 damage, and have 14/149 hp.
You feel much better.
You feel sick.
The water nymph flows with the water.
The water elemental hits you. The merfolk barely misses you.
The merfolk hits you but does no damage.
The merfolk aquamancer casts a spell at you.
The torrent of water passes through the water elemental.
The torrent of water hits you.
* * * LOW HITPOINT WARNING * * *
Your boots keep you from being knocked back.
The wave splashes down.
Splash!
You fall into the shallow water.
Moving in this stuff is going to be slow.
You hear a shout!
You hear an angry hiss. x2
You regained 24 hp, and now have 38/149 hp.
You feel better.
A water nymph comes into view.
The water nymph gestures at you while chanting.
The water swirls and strikes you!!
* * * LOW HITPOINT WARNING * * *
The water elemental hits you.
The water elemental engulfs you in water!
The merfolk hits you but does no damage. x2
You are poisoned.
The merfolk aquamancer casts a spell at you.
The torrent of water passes through the water elemental.
The torrent of water hits you!!
You die...

...~~~~~~~~~~~~~≈≈
#.~~~~~~~~~~~~~~≈≈≈
.~~~~~~~~~~~~~~~≈≈≈
.#~~~~~~~~~~~~~≈≈≈≈
..~~§~~)~~~~~~~≈≈≈≈
.#~~~~~~~.~~~~~≈≈≈≈
.~~~~~~~#~m~~~≈≈≈≈≈
#~~~~~~.)~E~~~≈≈≈≈≈
.~~~~m~.E~mE@~~~≈≈≈≈
#~~~~~~~..(.~~~~~≈≈≈≈
~~~~~≈≈~m.###..~~≈≈≈≈
~~~~~~~~..##..~~m≈≈≈≈
~~~~~~~~.......~~≈≈≈≈
~~~~~~~~.^.....~~≈≈≈≈
~~~~~~~......~~~~≈≈≈≈
~.........~~~~~~~≈≈≈≈
..........~~~~~~≈≈≈≈≈


You could see a merfolk aquamancer, 2 merfolk, 3 water elementals and 2 water
nymphs.

Vanquished Creatures
  Arachne (Spider:2)
  Asterion (Spider:3)
  Jorgrun (D:13)
  Rupert (D:14)
  Aizul (Spider:2)
  Donald (Spider:4)
  An azure jelly (IceCv)
  A fire giant (D:15)
  3 emperor scorpions
  4 ghost moths
  An orc warlord (Orc:2)
  2 quicksilver oozes (IceCv)
  4 broodmothers
  A stone giant (Shoals:2)
  A minotaur (Gauntlet)
  Nessos (D:13)
  4 spark wasps
  An ettin (Orc:2)
  3 entropy weavers
  A merfolk impaler (Shoals:2)
  Josephine (D:13)
  2 vault guards (D:13)
  3 hydras
  3 centaur warriors (D:14)
  4 jorogumos
  2 merfolk avatars
  5 radroaches
  2 boulder beetles
  A merfolk aquamancer (Shoals:3)
  A satyr (Shoals:2)
  An ironbound frostheart (D:13)
  4 demonic crawlers
  6 two-headed ogres
  2 tengu warriors
  7 death yaks
  2 occultists
  An orc high priest (Orc:2)
  Urug (Lair:2)
  A skyshark (Lair:3)
  4 pharaoh ants
  6 sea snakes
  8 skeletal warriors
  8 orb spiders
  An arcanist (Gauntlet)
  7 steelbarb worms
  4 orc knights
  3 deep elf pyromancers
  2 orc sorcerers
  16 ugly things
  6 manticores
  29 wolf spiders
  4 fauns (Shoals:2)
  6 meliai
  4 moths of wrath
  14 cyclopes
  13 elephants
  25 slime creatures
  A rust devil (D:9)
  4 merfolk sirens
  A water nymph (Shoals:2)
  3 ice statues (IceCv)
  7 black mambas
  An orange demon (D:9)
  4 torpor snails
  10 rime drakes
  9 cane toads
  A kobold demonologist (D:11)
  2 unseen horrors
  9 komodo dragons
  3 tengu conjurers
  3 ice devils
  2 freezing wraiths
  3 yaktaurs (D:15)
  2 red devils (D:9)
  7 merfolk
  8 trolls
  29 tarantellas
  A queen bee (shapeshifter) (D:14)
  4 wind drakes
  A polar bear (Lair:4)
  A hellwing (D:9)
  Grinder (D:4)
  9 blink frogs
  3 dream sheep
  A hornet (D:10)
  29 jumping spiders
  6 snapping turtles
  15 culicivoras
  3 water elementals
  A wyvern (shapeshifter) (D:15)
  6 wraiths
  A shadow (D:11)
  4 basilisks
  5 wyverns
  5 wargs
  2 humans
  A steam dragon (D:9)
  52 yaks
  7 vampire mosquitoes
  53 redbacks
  An acid dragon (D:11)
  2 great orb of eyes simulacra (IceCv)
  24 water moccasins
  A hell hound (Lair:5)
  Duvessa (D:4)
  31 orc warriors
  2 ice beasts
  11 ogres
  3 black bears
  11 wolves
  6 centaurs
  7 kobold brigands
  An elf zombie (Ossuary)
  A slime creature simulacrum (IceCv)
  15 bullfrogs
  A gnoll sergeant (D:9)
  A scorpion (D:5)
  4 glowing shapeshifter simulacra (IceCv)
  8 wights (D:8)
  Dowan (D:4)
  9 killer bees
  4 electric eels
  2 howler monkeys (D:11)
  A centaur zombie (Ossuary)
  A hound (D:7)
  2 human zombies (Ossuary)
  2 jellies
  15 orc priests
  Jessica (D:3)
  3 iguanas
  2 sleepcaps
  2 hell rats (Lair:5)
  30 orc wizards
  3 shapeshifter simulacra (IceCv)
  5 hound zombies (Ossuary)
  2 mummies (Ossuary)
  12 gnolls
  10 river rats (Lair:5)
  6 adders
  3 shadow imps
  6 white imps
  4 adder zombies (Ossuary)
  4 ribbon worms
  3 dart slugs
  60 orcs
  4 bats
  6 endoplasms
  11 giant cockroaches
  15 goblins
  7 hobgoblins
  4 jackals
  17 kobolds
  2 quokkas (D:1)
  7 ball pythons
  3 frilled lizards
  4 gnoll zombies (Ossuary)
  6 jackal zombies (Ossuary)
  6 kobold zombies (Ossuary)
  8 orc zombies (Ossuary)
  4 rats
  A spectral weapon (Spider:3)
992 creatures vanquished.

Vanquished Creatures (collateral kills)
  A frost giant (Shoals:2)
  A sea snake (Shoals:2)
  An orc knight (Orc:2)
  2 orc sorcerers (Orc:2)
  An orc warrior (Orc:2)
  An orc priest (Orc:2)
  An orc wizard (Orc:2)
  2 orcs (Orc:2)
10 creatures vanquished.

Vanquished Creatures (others)
  A broodmother (Spider:4)
  An orc wizard (D:5)
2 creatures vanquished.

Grand Total: 1004 creatures vanquished

Notes
Turn   | Place    | Note
-------+----------+-------------------------------------------
     0 | D:1      | backslashecho the Coglin Berserker began the quest for the
                  | Orb.
     0 | D:1      | Reached XP level 1. HP: 18/18 MP: 1/1
    84 | D:1      | Reached XP level 2. HP: 24/24 MP: 2/2
   136 | D:1      | You fall into a shaft and drop 1 floor!
   192 | D:1      | Found a faded altar of an unknown god.
   202 | D:1      | Reached skill level 1 in Short Blades
   214 | D:1      | Reached ** piety under Trog
   215 | D:1      | Reached XP level 3. HP: 28/29 MP: 3/3
   733 | D:2      | Reached XP level 4. HP: 34/35 MP: 4/4
  1269 | D:3      | Noticed Jessica
  1277 | D:3      | Killed Jessica
  1278 | D:3      | Reached skill level 4 in Axes
  1343 | D:3      | Identified the +6 spear of Eliwuo {flame, rElec rPois
                  | Dex+3}
  1454 | D:3      | Found a burning altar of Makhleb.
  1631 | D:3      | Found a runed translucent door.
  1637 | D:3      | Noticed a bullfrog
  1639 | D:3      | Noticed TheLasagnaBaron's ghost (amateur KoBr)
  1668 | D:3      | Found Icko's General Store.
  2081 | D:4      | Reached *** piety under Trog
  2084 | D:4      | Reached XP level 5. HP: 39/41 MP: 5/5
  2115 | D:4      | Noticed Grinder
  2117 | D:4      | Paralysed by Grinder for 4 turns
  2124 | D:4      | Found a large runed translucent door.
  2124 | D:4      | Noticed an orc warrior
  2127 | D:4      | Noticed a steam dragon
  2139 | D:4      | Killed Grinder
  2140 | D:4      | Reached skill level 5 in Axes
  2140 | D:4      | Reached XP level 6. HP: 20/49 MP: 6/6
  2238 | D:4      | Noticed Dowan
  2253 | D:4      | Killed Dowan
  2287 | D:4      | Noticed Duvessa
  2430 | D:4      | Identified the +2 shortbow "Ucwe" {speed, ^Contam Int+3
                  | Dex+4}
  2431 | D:4      | Found a large runed translucent door.
  2437 | D:4      | Found a large runed translucent door.
  2437 | D:4      | Found a large runed translucent door.
  2530 | D:4      | Found a staircase to the Ecumenical Temple.
  2657 | D:4      | Reached skill level 6 in Axes
  2657 | D:4      | Reached XP level 7. HP: 55/55 MP: 7/7
  2714 | D:4      | Found a white marble altar of Elyvilon.
  2751 | D:4      | Killed Duvessa
  2752 | D:4      | Reached skill level 5 in Fighting
  3021 | D:4      | Noticed a steam dragon
  3386 | D:5      | Entered Level 5 of the Dungeon
  3447 | D:5      | Reached skill level 7 in Axes
  3516 | D:5      | Reached XP level 8. HP: 55/63 MP: 8/8
  3628 | D:5      | Found a sand-covered staircase.
  3648 | Ossuary  | Entered an ossuary
  3763 | Ossuary  | Reached skill level 8 in Axes
  3818 | Ossuary  | Reached **** piety under Trog
  4389 | D:6      | Found a blossoming altar of Fedhas.
  4427 | D:6      | Found a snail-covered altar of Cheibriados.
  4627 | D:6      | Reached skill level 9 in Axes
  4708 | D:6      | Found an ancient bone altar of Kikubaaqudgha.
  4760 | D:6      | Reached XP level 9. HP: 68/72 MP: 9/9
  5003 | D:6      | Found a shimmering altar of Xom.
  5068 | D:7      | Found a shadowy altar of Dithmenos.
  5159 | D:7      | Found a flagged portal.
  5166 | Bailey   | Entered a bailey
  5217 | Bailey   | Reached skill level 10 in Axes
  5483 | Bailey   | Found a bloodstained altar of Trog.
  5687 | D:7      | Found a glowing silver altar of Zin.
  5765 | D:7      | Reached skill level 11 in Axes
  5777 | D:7      | Found a shimmering blue altar of Sif Muna.
  6712 | D:8      | Found a hazy altar of Hepliaklqana.
  6757 | D:8      | Reached XP level 10. HP: 73/82 MP: 10/10
  6989 | D:8      | Found an opulent altar of Gozag.
  7555 | D:8      | Reached ***** piety under Trog
  7556 | D:8      | Reached skill level 12 in Axes
  7568 | D:8      | Reached skill level 9 in Fighting
  7992 | D:8      | Noticed a two-headed ogre
  8004 | D:8      | Killed a two-headed ogre
  8440 | D:9      | Found a sacrificial altar of Ru.
  8440 | D:9      | Noticed a two-headed ogre
  8450 | D:9      | Killed a two-headed ogre
  8451 | D:9      | Reached skill level 13 in Axes
  8545 | D:9      | Noticed an orange demon
  8553 | D:9      | Killed an orange demon
  8554 | D:9      | Reached XP level 11. HP: 89/89 MP: 11/11
 10250 | D:10     | Entered Level 10 of the Dungeon
 10866 | D:10     | Reached skill level 14 in Axes
 10866 | D:10     | Reached skill level 5 in Armour
 10866 | D:10     | Reached skill level 5 in Dodging
 10976 | D:10     | Found a basalt altar of Yredelemnul.
 11065 | D:10     | Noticed a two-headed ogre
 11066 | D:10     | Found a staircase to the Lair.
 11082 | D:10     | Killed a two-headed ogre
 11318 | D:10     | Found a portal to a secret trove of treasure.
 11826 | D:10     | Found a staircase to the Orcish Mines.
 12008 | D:11     | Reached skill level 15 in Axes
 12176 | D:11     | Reached XP level 12. HP: 95/95 MP: 12/12
 12576 | D:11     | Identified the +1 robe of Submission {*Slow rPois Dex+3}
 12866 | D:12     | Noticed a boulder beetle
 12867 | D:12     | Found a gate leading to a gauntlet.
 12874 | Gauntlet | Entered a Gauntlet
 12874 | Gauntlet | Found a transporter.
 12884 | Gauntlet | Found a transporter.
 12898 | Gauntlet | Found a transporter.
 12903 | Gauntlet | Found a transporter.
 12906 | Gauntlet | Noticed an occultist
 12921 | Gauntlet | Found the +8 arc blade {discharge, rElec}
 12923 | Gauntlet | Found a transporter.
 12937 | Gauntlet | Found a transporter.
 12946 | Gauntlet | Noticed a death yak
 12946 | Gauntlet | Noticed a death yak
 12947 | Gauntlet | Noticed a death yak
 12948 | Gauntlet | Noticed a death yak
 12948 | Gauntlet | Noticed a death yak
 12949 | Gauntlet | Found a transporter.
 12955 | Gauntlet | Found a transporter.
 12957 | Gauntlet | Found a transporter.
 12974 | Gauntlet | Found a transporter.
 12982 | Gauntlet | Found a transporter.
 12984 | Gauntlet | Found a transporter.
 12999 | Gauntlet | Found a large runed translucent door.
 13000 | Gauntlet | Found a large runed translucent door.
 13001 | Gauntlet | Found a large runed translucent door.
 13001 | Gauntlet | Found a large runed translucent door.
 13002 | Gauntlet | Found a runed translucent gate.
 13003 | Gauntlet | Found a transporter.
 13003 | Gauntlet | Found a runed translucent gate.
 13004 | Gauntlet | Found a runed translucent gate.
 13005 | Gauntlet | Found a large runed translucent door.
 13005 | Gauntlet | Found a large runed translucent door.
 13006 | Gauntlet | Found a large runed translucent door.
 13007 | Gauntlet | Found a large runed translucent door.
 13015 | Gauntlet | Found a transporter.
 13017 | Gauntlet | Found a large runed translucent door.
 13017 | Gauntlet | Found a large runed translucent door.
 13017 | Gauntlet | Found a runed translucent door.
 13017 | Gauntlet | Found a runed translucent door.
 13018 | Gauntlet | Found a large runed translucent door.
 13019 | Gauntlet | Found a large runed translucent door.
 13021 | Gauntlet | Found a transporter.
 13021 | Gauntlet | Found a transporter.
 13064 | Gauntlet | Found a large runed translucent door.
 13064 | Gauntlet | Found a large runed translucent door.
 13064 | Gauntlet | Found a transporter.
 13065 | Gauntlet | Found a large runed translucent door.
 13066 | Gauntlet | Found a large runed translucent door.
 13093 | Gauntlet | Found a transporter.
 13333 | Gauntlet | Reached skill level 16 in Axes
 13481 | Gauntlet | Killed an occultist
 13515 | Gauntlet | Identified the +4 falchion of Zing {drain, rC+}
 13515 | Gauntlet | Noticed a minotaur
 13524 | Gauntlet | Killed a minotaur
 13698 | Gauntlet | Identified the amulet "Teruewaf" {Acrobat Dex+5}
 13704 | Gauntlet | Identified the +4 great sword of the Evil Eye {flame, rCorr
                  | Str+6}
 13815 | D:12     | Killed a boulder beetle
 14077 | D:12     | Received a gift from Trog
 14378 | D:12     | Reached skill level 17 in Axes
 14853 | D:13     | Noticed Jorgrun
 14861 | D:13     | Killed Jorgrun
 14862 | D:13     | Reached XP level 13. HP: 101/101 MP: 13/13
 14863 | D:13     | Found a frozen archway.
 14901 | IceCv    | Entered an ice cave
 15039 | IceCv    | Reached skill level 5 in Short Blades
 15677 | IceCv    | Reached skill level 18 in Axes
 15838 | IceCv    | Noticed a quicksilver ooze
 15845 | IceCv    | Killed a quicksilver ooze
 15918 | IceCv    | Noticed a quicksilver ooze
 15932 | IceCv    | Killed a quicksilver ooze
 15932 | IceCv    | Noticed an azure jelly
 16115 | IceCv    | Found a viscous altar of Jiyva.
 16134 | IceCv    | Identified the ring of the Harvest {Fly rN++ rCorr}
 16235 | IceCv    | Killed an azure jelly
 16320 | D:13     | Noticed Nessos
 16337 | D:13     | Killed Nessos
 16817 | Lair:1   | Entered Level 1 of the Lair of Beasts
 17065 | Lair:1   | Reached skill level 9 in Short Blades
 18377 | Lair:2   | Found a hole to the Spider Nest.
 18410 | Lair:2   | Reached XP level 14. HP: 108/108 MP: 14/14
 18410 | Lair:2   | Acquired a dynamic encabulator {RevParry, rElec rPois
                  | rCorr}
 18518 | Lair:2   | Noticed Urug
 18535 | Lair:2   | Killed Urug
 19163 | Lair:2   | You fall into a shaft and drop 1 floor!
 19667 | Lair:3   | Found a staircase to the Shoals.
 19926 | Lair:3   | Identified the +5 ring mail of Hufenatz {Str+3 Dex+2
                  | Slay+2}
 21872 | Lair:5   | Entered Level 5 of the Lair of Beasts
 21896 | Lair:5   | Found a viscous altar of Jiyva.
 21896 | Lair:5   | Found a staircase to the Slime Pits.
 22303 | Lair:5   | Received a gift from Trog
 22516 | Lair:5   | Reached XP level 15. HP: 92/118 MP: 15/15
 23465 | Orc:1    | Entered Level 1 of the Orcish Mines
 23468 | Orc:1    | Found a radiant altar of Vehumet.
 23915 | Orc:2    | Entered Level 2 of the Orcish Mines
 23915 | Orc:2    | Found a staircase to the Elven Halls.
 23932 | Orc:2    | Reached skill level 12 in Short Blades
 23971 | Orc:2    | Found Houwef's General Store.
 24129 | Orc:2    | Noticed an orc warlord
 24152 | Orc:2    | Killed an orc warlord
 24152 | Orc:2    | Received a gift from Trog
 24155 | Orc:2    | Found a roughly hewn altar of Beogh.
 24166 | Orc:2    | Found Uraont's Antique Weapon Boutique.
 24484 | Orc:2    | Noticed Sonja
 24488 | Orc:2    | Sonja changed into Sonja the black mamba
 24488 | Orc:2    | Noticed Sonja
 24491 | Orc:2    | Killed Sonja the black mamba
 24493 | Orc:2    | Found Qoallin's Weapon Boutique.
 24694 | Orc:2    | Found Xoxecius's Book Boutique.
 24731 | Orc:2    | Found Galase's Magic Scroll Boutique.
 24749 | Orc:2    | Bought a scroll of identify for 30 gold pieces
 24749 | Orc:2    | Bought a scroll of identify for 30 gold pieces
 24892 | Orc:2    | Found Qeon's General Store.
 24903 | Orc:2    | Bought a scroll of teleportation for 36 gold pieces
 24903 | Orc:2    | Bought a potion of heal wounds for 60 gold pieces
 24964 | Orc:2    | Found Fegoot's General Store.
 24970 | Orc:2    | Bought 2 potions of heal wounds for 160 gold pieces
 24970 | Orc:2    | Bought a scroll of identify for 32 gold pieces
 24979 | Orc:2    | Found Wisus's Antique Armour Boutique.
 24988 | Orc:2    | Bought the +1 cloak of Starlight {*Dazzle EV+4 Stlth--} for
                  | 793 gold pieces
 24988 | Orc:2    | Found the +1 cloak of Starlight {*Dazzle EV+4 Stlth--}
 24988 | Orc:2    | Bought a fine chain mail for 247 gold pieces
 24988 | Orc:2    | Identified the +6 chain mail of Locwoab {Will++} (You
                  | bought it in a shop on level 2 of the Orcish Mines)
 24988 | Orc:2    | Bought a glowing plate armour for 676 gold pieces
 25056 | Orc:2    | Found Beisigui's Armour Shop.
 25736 | D:13     | Reached skill level 1 in Evocations
 25784 | D:13     | Reached skill level 12 in Fighting
 26014 | D:13     | Reached skill level 9 in Armour
 26362 | D:13     | Noticed Josephine
 26368 | D:13     | Killed Josephine
 26959 | D:13     | Found a gate to the Vaults.
 27324 | D:13     | Reached skill level 5 in Evocations
 27796 | D:14     | Noticed Rupert
 27806 | D:14     | Killed Rupert
 27857 | D:14     | Reached XP level 16. HP: 126/127 MP: 16/16
 28265 | D:15     | Entered Level 15 of the Dungeon
 28679 | D:15     | Reached skill level 9 in Evocations
 28734 | D:15     | Found a staircase to the Depths.
 29629 | Spider:1 | Entered Level 1 of the Spider Nest
 29637 | Spider:1 | Received a gift from Trog
 31360 | Spider:2 | Noticed Arachne
 31388 | Spider:2 | Killed Arachne
 31389 | Spider:2 | Reached skill level 12 in Evocations
 31414 | Spider:2 | Received a gift from Trog
 31522 | Spider:2 | Reached XP level 17. HP: 91/137 MP: 17/17
 32787 | Spider:3 | Identified the serpent talisman of Divine Compulsion {rC+
                  | Str+8 Stlth-}
 32787 | Spider:3 | Noticed Aizul
 32799 | Spider:2 | Killed Aizul
 32949 | Spider:3 | Noticed Asterion
 32964 | Spider:3 | Killed Asterion
 33217 | Spider:3 | Received a gift from Trog
 33756 | Spider:4 | Entered Level 4 of the Spider Nest
 34814 | Spider:4 | Noticed Donald
 34830 | Spider:4 | Killed Donald
 34959 | Spider:4 | Reached skill level 15 in Fighting
 34991 | Spider:4 | Identified the +7 scimitar of the End of Times {drain,
                  | MP+9}
 35157 | Spider:4 | Identified the -1 hat of Pathos {rElec}
 35160 | Spider:4 | Got a gossamer rune of Zot
 35196 | Spider:4 | Reached XP level 18. HP: 108/149 MP: 18/18
 35501 | Shoals:1 | Entered Level 1 of the Shoals
 35653 | Shoals:1 | Found the ring of Shadows {Umbra +Inv Stlth+}
 35966 | Shoals:1 | Found the +3 pair of mountain boots {steadfast, rC+}
 36223 | Shoals:1 | Reached ****** piety under Trog
 36500 | Shoals:2 | Received a gift from Trog
 36505 | Shoals:2 | Reached skill level 9 in Dodging
 36803 | Shoals:2 | Reached skill level 12 in Armour
 37846 | Shoals:3 | Killed from afar by a merfolk aquamancer

Illustrated notes

Levels and vault maps discovered:
D:1:      minmay_arrival_loop, layout_rooms,
          chequers_ecumenical_altar_simple_redux
D:2:      minmay_roachtagon, layout_rooms
D:3:      layout_loops_ring, mainiacjoe_overflow_brackets,
          ebering_ghost_sewer_d, serial_shops, shop, uniq_jessica
D:4:      layout_basic, elyvilon_altar_3, minmay_temple_entry_arrows,
          minmay_hollow_rounded_squares, uniq_grinder, uniq_duvessa
D:5:      layout_rooms, lightli_ossuary_entry_decrepit_ruins
D:6:      layout_rooms, nicolae_overflow_hidden_temple,
          mainiacjoe_overflow_alcove_2, kennysheep_mini_moat, lemuel_round_altar
D:7:      layout_loops_ring, nicolae_dithmenos_the_darkroom, old_standard_altar,
          kennysheep_orc_sif_temple, enter_bailey_2, kennysheep_pointless_box
D:8:      layout_basic, mainiacjoe_overflow_catwalk, marbit_many_paths
D:9:      nicolae_hitomezashi [nicolae_hito_row, nicolae_hito_row,
          nicolae_hito_row, nicolae_hito_row, nicolae_hito_row,
          nicolae_hito_row, nicolae_hito_row, nicolae_hito_row,
          nicolae_hito_row, nicolae_hito_row, nicolae_hito_row,
          nicolae_hito_row, nicolae_hito_row, nicolae_hito_row,
          nicolae_hito_row, nicolae_hito_row, nicolae_hito_row,
          nicolae_hito_row], layout_basic, nicolae_ru_great_annihilating_truth,
          serial_demonic, serial_demonic_f, serial_demonic_c, serial_demonic_f,
          serial_demonic_a
D:10:     layout_cross, mainiacjoe_overflow_boulevard,
          erik_lair_orcish_takeover, david_orc_4, nicolae_trove_entry_crossroad
D:11:     layout_small_grid
D:12:     layout_basic, gauntlet_entry_generic, st_stairs_12
D:13:     layout_layer_cave, hellmonk_vaults_keyhole, portal_ice_cave_rime,
          dreamdust_wishing_well, minmay_misc_feat_ornament,
          kennysheep_small_circle, uniq_jorgrun, uniq_josephine, uniq_nessos
D:14:     layout_gridville, glass_columns_c, chequers_serial_rivers_micro_a,
          uniq_rupert
D:15:     grunt_enter_depths_giant_problem, layout_loops_ring,
          dpeg_stationary_puzzle
Lair:1:   layout_chaotic_city, lemuel_fruit_tree, infiniplex_staircase_pool_2
Lair:2:   layout_cellular_growth, spider_nest_entry_a, grunt_megastairs_4,
          uniq_urug
Lair:3:   layout_roguey, minmay_shoals_entry_beasts, enter_volcano_1,
          grunt_megastairs_3
Lair:4:   layout_gridlike
Lair:5:   evil_forest, layout_long_grid, slime_entry_1,
          chequers_serial_rivers_marsh, kennysheep_rathole
Shoals:1: layout_shoals
Shoals:2: layout_shoals, st_shoals_ruin
Shoals:3: layout_shoals, nicolae_shoals_water_shrine
Spider:1: layout_spider_delve, nicolae_spider_wall_of_niches
Spider:2: layout_spider_delve, nicolae_arachne_temple
Spider:3: layout_spider_delve, uniq_asterion, uniq_aizul
Spider:4: grunt_spider_rune_parallel, uniq_donald
Orc:1:    layout_diamond_mine, basic_altar
Orc:2:    grunt_orc_cross, layout_caves, serial_shops, shop, shop, shop, shop,
          shop, nicolae_orc_stalacmites, uniq_sonja

Skill      XL: |  1  2  3  4  5  6  7  8  9 10 11 12 13 14 15 16 17 18 |
---------------+-------------------------------------------------------+-----
Dodging        | 2 3 5 8 9 |  9.0
Armour         | 2 3 5 7 9 11 12 | 12.2
Short Blades   | 1 2 4 10 11 13 14 | 14.0
Axes           | 4 5 6 7 9 11 13 15 17 18 | 18.0
Fighting       | 4 5 7 8 9 11 12 13 15 | 15.2
Evocations     | 7 12 | 12.5

Action                     |  1- 3 |  4- 6 |  7- 9 | 10-12 | 13-15 | 16-18 || total
---------------------------+-------+-------+-------+-------+-------+-------++-------
  Melee: Hand axe          |    65 |    76 |   298 |   283 |       |       ||   722
         Dagger            |    53 |    62 |   290 |   429 |       |       ||   834
         War axe           |       |       |       |   234 |    84 |       ||   318
         Rapier            |       |       |       |    50 |   747 |   766 ||  1563
         Mace              |       |       |       |       |   408 |       ||   408
         Broad axe         |       |       |       |       |   231 |   771 ||  1002
  Throw: Dart              |       |       |       |    10 |     2 |     3 ||    15
 Invoke: Berserk           |       |     2 |     5 |    13 |    17 |     5 ||    42
         Trog's Hand       |       |     1 |     4 |     3 |     5 |     6 ||    19
         Brothers in Arms  |       |       |       |       |     2 |     1 ||     3
Ability: Invent Gizmo      |       |       |       |       |     1 |       ||     1
  Evoke: Wand              |       |       |       |     5 |     9 |    10 ||    24
         Tin of tremorston |       |       |       |       |     4 |       ||     4
         Phantom mirror    |       |       |       |       |     1 |       ||     1
    Use: Potion            |       |       |     1 |     3 |     4 |     3 ||    11
         Scroll            |       |       |       |    18 |     9 |     7 ||    34
   Stab: Sleeping          |       |       |     1 |       |       |       ||     1
         Invisible         |       |       |       |     4 |     2 |    43 ||    49
         Paralysed         |       |       |       |     1 |     1 |       ||     2
         Distracted        |       |       |       |       |       |     1 ||     1
 Armour: Animal skin       |    34 |    36 |    22 |       |       |       ||    92
         Chain mail        |       |       |   235 |   488 |  1013 |  1015 ||  2751
  Dodge: Dodged            |    42 |    36 |   120 |   213 |   363 |   511 ||  1285

Table legend: (Time is in decaauts)
 A = Elapsed time spent in this place.
 B = Non-inter-level travel time spent in this place.
 C = Inter-level travel time spent in this place.
 D = Time resting spent in this place.
 E = Time spent auto-exploring this place.
 F = Levels seen in this place.
 G = Mean time per level.
                   A        B        C        D        E       F      G
               +--------+--------+--------+--------+--------+-----+--------+
         Total |  37903 |  34992 |   2911 |   7327 |  20383 |  33 | 1148.6 |
       Dungeon |  18037 |  16225 |   1812 |   2970 |  10257 |  15 | 1202.5 |
          Lair |   6663 |   6236 |    427 |   1232 |   3937 |   5 | 1332.6 |
        Shoals |   2475 |   2302 |    173 |    637 |   1045 |   3 |  825.0 |
   Spider Nest |   5691 |   5336 |    355 |    967 |   3303 |   4 | 1422.8 |
  Orcish Mines |   1916 |   1773 |    143 |    267 |   1190 |   2 |  958.0 |
       Ossuary |    371 |    371 |      0 |     56 |     63 |   1 |  371.0 |
        Bailey |    399 |    399 |      0 |    172 |     86 |   1 |  399.0 |
      Ice Cave |   1437 |   1437 |      0 |    779 |    150 |   1 | 1437.0 |
      Gauntlet |    909 |    909 |      0 |    244 |    350 |   1 |  909.0 |
               +--------+--------+--------+--------+--------+-----+--------+

Top non-repeatable levels by time:
     D:9: 2189 daAuts
    D:13: 2069 daAuts
Spider:2: 1979 daAuts
     D:8: 1774 daAuts
  Lair:4: 1759 daAuts
    D:10: 1565 daAuts
  Lair:1: 1562 daAuts
Spider:4: 1473 daAuts
   IceCv: 1437 daAuts
    D:12: 1432 daAuts
  Lair:2: 1425 daAuts
   Orc:2: 1401 daAuts
Shoals:1: 1390 daAuts
     D:4: 1301 daAuts
     D:7: 1281 daAuts
